 Dungeon Crawl Stone Soup version 0.26.0-90-g5fd8617961 (webtiles) character file.

Game seed: 14740005744494522965

376 Gadfly the Unbeliever (level 6, 0/59 HPs)
             Began as an Ogre Gladiator on Feb 2, 2021.
             Slain by Grinder (10 damage)
             ... while paralysed by Grinder
             ... on level 4 of the Dungeon.
             The game lasted 00:08:57 (4483 turns).

Gadfly the Unbeliever (Ogre Gladiator)              Turns: 4483, Time: 00:08:58

Health: 0/59       AC:  4    Str: 27    XL:     6   Next: 73%
Magic:  8/8        EV:  1    Int:  9    God:
Gold:   174        SH:  0    Dex: 10    Spells: 5/5 levels left

rFire    . . .     SeeInvis .   b - +3 dagger (venom)
rCold    . . .     Faith    .   (no shield)
rNeg     . . .     Spirit   .   m - +0 robe
rPois    .         Reflect  .   c - +1 hat
rElec    .         Harm     .   (no cloak)
rCorr    .         Rampage  .   (gloves unavailable)
Will     .....                  (boots unavailable)
Stlth    +.........             g - amulet of the acrobat
HPRegen  0.19/turn              l - +6 ring of strength
MPRegen  0.11/turn              (no ring)

@: paralysed
A: large, unfitting armour, antennae 1, talons 1, tough skin 1
a: no special abilities


You were on level 4 of the Dungeon.
You visited 1 branch of the dungeon, and saw 4 of its levels.

You collected 174 gold pieces.

Inventory:

Hand Weapons
 a - a +0 flail
 b - a +3 dagger of venom (weapon)
Missiles
 d - 3 throwing nets
 f - 165 stones (quivered)
 n - 2 atropa-tipped darts
Armour
 c - a +1 hat (worn)
 m - a +0 robe (worn)
Jewellery
 g - an amulet of the acrobat (around neck)
 l - a +6 ring of strength (left hand)
Scrolls
 e - a scroll of blinking
 h - 4 scrolls of remove curse
 u - a scroll of magic mapping
Potions
 i - a potion of might
 k - 4 potions of curing
 p - a potion of lignification
 v - a potion of mutation
 x - a potion of berserk rage


   Skills:
 - Level 2.6 Fighting
 + Level 3.3 Maces & Flails
 + Level 2.9 Throwing
 * Level 2.4 Armour
 - Level 2.6 Dodging
 * Level 3.5 Invocations
 * Level 2.5 Evocations


You had 5 spell levels left.
You didn't know any spells.
Your spell library was empty.

Dungeon Overview and Level Annotations

Branches:
Dungeon (4/15)
 Temple: D:4-7

Altars:
Qazlal
Xom

Annotations:
D:4 Grinder


Innate Abilities, Weirdness & Mutations

You are too large for most types of armour.
You have tough skin. (AC +1)
You have a pair of small antennae on your head.
You have sharp toenails.


Message History

You hit Grinder.
Grinder looks as sick as possible!
Grinder is moderately wounded.
Grinder closely misses you.
You hit Grinder.
Grinder is heavily wounded.
Grinder hits you!
You writhe in agony.
You hit Grinder.
Grinder is severely wounded.
Grinder hits you!
You writhe in agony.
Unknown command.
You closely miss Grinder.
Grinder is almost dead.
Grinder gestures at you.
You suddenly lose the ability to move!
Grinder hits you!
* * * LOW HITPOINT WARNING * * *
You writhe in agony.
* * * LOW HITPOINT WARNING * * *
Grinder hits you!
You die...

****,* #......####.# #.# ##
*,########.........# #.# .#
*,#$...* ###'####### #.# .#
*,#....#####.# ######.# .#
*,#....+.....#####......# ##
*,#....#####.....#.#######
***,#...$...#......#)#....?#
#####*,,,#..###..#......#.#.....#
....#*,**#.,*,#.@#.#....#>#.....#
....+,,*,,....#..5.#....#.#.....#
....#####..........#....#.......#
.#...............#.##...#...)...#
.#.####.....####.#...##.#.....#.#
.#.#,,**...**,,#.###.##.#.###.#.#
.#.#,,,*#.**,,,#.# #.#....###.#.#
.#.##,,,#,*,,,*#.# #>#..#.....#..
##..##,+*,*+,##..# #.#..#.....###


You could see Grinder (very poisoned).

Vanquished Creatures
  A hound (D:3)
  2 orc wizards
  3 worker ants (D:4)
  7 gnolls
  5 adders
  An ooze (D:2)
  2 worms
  5 dart slugs
  11 orcs
  4 ball pythons
  5 giant cockroaches
  8 goblins
  8 hobgoblins
  A jackal (D:2)
  5 bats
  5 frilled lizards
  5 kobolds
  12 rats
90 creatures vanquished.

Notes
Turn   | Place    | Note
-------+----------+-------------------------------------------
     0 | D:1      | Gadfly the Ogre Gladiator began the quest for the Orb.
     0 | D:1      | Reached XP level 1. HP: 22/22 MP: 1/1
   278 | D:1      | Reached XP level 2. HP: 27/29 MP: 2/2
   484 | D:1      | Reached skill level 1 in Invocations
   799 | D:1      | Reached XP level 3. HP: 29/36 MP: 3/3
   970 | D:2      | Reached skill level 1 in Armour
   975 | D:2      | Reached skill level 1 in Evocations
  1209 | D:1      | Reached XP level 4. HP: 14/44 MP: 5/5
  2284 | D:3      | Found a stormy altar of Qazlal.
  2309 | D:3      | Reached XP level 5. HP: 41/50 MP: 6/6
  3158 | D:3      | Reached XP level 6. HP: 13/59 MP: 8/8
  3530 | D:3      | Found a blossoming altar of Fedhas.
  3533 | D:3      | Found a shimmering altar of Xom.
  3533 | D:3      | Found a glowing silver altar of Zin.
  3535 | D:3      | Found a snail-covered altar of Cheibriados.
  3535 | D:3      | Found a shimmering altar of Xom.
  3535 | D:3      | Found a burning altar of Makhleb.
  4433 | D:4      | Gained mutation: You have sharp toenails. [potion of
                  | mutation]
  4433 | D:4      | Gained mutation: You have a pair of small antennae on your
                  | head. [potion of mutation]
  4459 | D:4      | Noticed Grinder
  4471 | D:4      | Paralysed by Grinder for 4 turns
  4481 | D:4      | Paralysed by Grinder for 4 turns
  4483 | D:4      | Slain by Grinder

Illustrated notes

Levels and vault maps discovered:
D:1:      lightli_arrival_noodles, layout_loops_ring, nrook_mini_vaults
D:2:      layout_rooms, minmay_pentomino_s4
D:3:      layout_rooms, doesnt_xom_only_xom, chequers_serial_rivers_small_b,
          chequers_arboretum, st_stairs_7, lemuel_altar_in_water
D:4:      cheibrodos_barr_body, layout_basic, uniq_grinder

Skill      XL: |  1  2  3  4  5 |
---------------+----------------+-----
Invocations    | 1 2 3 |  3.5
Armour         | 1 2 |  2.4
Evocations     | 1 2 |  2.5
Maces & Flails | 3 |  3.3
Fighting       | |  2.6
Throwing       | |  2.9
Dodging        | |  2.6

Action                   |  1- 3 |  4- 6 || total
-------------------------+-------+-------++-------
Melee: Flail             |    73 |    23 ||    96
       Dagger            |       |   138 ||   138
       Kick              |       |     1 ||     1
Throw: Stone             |     1 |    26 ||    27
  Use: Scroll            |     2 |    13 ||    15
       Potion            |     2 |     1 ||     3
 Stab: Sleeping          |     3 |       ||     3
Armor: Robe              |    13 |    37 ||    50
Dodge: Dodged            |    51 |   139 ||   190
